 Dungeon Crawl Stone Soup version 0.28.0-45-g0d030f2227 (webtiles) character file.

Game seed: 7007627433915684715

198 protoss039 the Magician (level 5, -2/29 HPs)
             Began as a Deep Elf Earth Elementalist on Apr 6, 2022.
             Killed from afar by Robin (5 damage)
             ... with a puff of flame
             ... on level 3 of the Dungeon.
             The game lasted 00:04:11 (3213 turns).

protoss039 the Magician (DEEE)                      Turns: 3213, Time: 00:04:12

Health: -2/29      AC:  3    Str:  5    XL:     5   Next: 47%
Magic:  4/13       EV: 13    Int: 22    God:
Gold:   178        SH:  0    Dex: 15    Spells: 3/13 levels left

rFire   . . .      SeeInvis .   h - +0 whip (venom)
rCold   . . .      Faith    .   (no shield)
rNeg    . . .      Spirit   .   b - +0 robe
rPois   .          Reflect  .   (no helmet)
rElec   .          Harm     .   (no cloak)
rCorr   .          Rampage  .   a - +0 pair of gloves
Will    .....                   (no boots)
Stlth   ++........              (no amulet)
HPRegen 0.09/turn               (no ring)
MPRegen 0.13/turn               (no ring)

@: no status effects
A: no striking features
a: no special abilities


You were on level 3 of the Dungeon.
You visited 1 branch of the dungeon, and saw 3 of its levels.

You collected 178 gold pieces.

Inventory:

Hand Weapons
 h - a +0 whip of venom (weapon)
Missiles
 c - 136 stones
 f - a throwing net
Armour
 a - a +0 pair of gloves (worn)
 b - a +0 robe (worn)
Magical Staves
 i - a staff of poison
Scrolls
 d - 4 scrolls of identify {unknown}
 k - a scroll of immolation {unknown}
Potions
 e - 2 potions of curing {unknown}
 g - a potion of magic {unknown}
 j - a potion of invisibility {unknown}
 l - a potion of heal wounds {unknown}


   Skills:
 + Level 1.3 Fighting
 - Level 3.0 Dodging
 - Level 3.0 Stealth
 + Level 4.6 Spellcasting
 + Level 3.0 Transmutations
 + Level 4.4 Earth Magic


You had 3 spell levels left.
You knew the following spells:

 Your Spells              Type           Power      Damage    Failure   Level
a - Sandblast             Erth           48%        2d12      1%          1
b - Passwall              Tmut/Erth      17%        N/A       3%          2
c - Stone Arrow           Conj/Erth      28%        3d8       13%         3
d - Petrify               Tmut/Erth      21%        N/A       22%         4

Your spell library contained the following spells:

 Spells                   Type           Power      Damage    Failure   Level


Dungeon Overview and Level Annotations

Branches:
Dungeon (3/15)

Altars:

Annotations:
D:3 Robin


Message History

Unknown command.
Casting: Stone Arrow (quite dangerous; 13% risk of failure)
Confirm with . or Enter, or press ? or * to list all spells.
Aiming: Sandblast (safe; 1% risk of failure)
Press: ? - help, Shift-Dir - straight line, f - goblin
Aim: a goblin, wielding a +0 club and quivering stones (wandering, hasn't noticed you, 76% to hit)
The blast of sand hits the goblin!
You kill the goblin!
Robin says, "My army is invincible!"
Robin zaps a wand.
The puff of flame hits you!
A goblin comes into view. It is wielding a +0 club.
A hobgoblin comes into view.
Robin roars a battlecry!
The goblins go into a battle-frenzy!
The hobgoblin shouts!
You hear a shout! x3
Casting: Sandblast (safe; 1% risk of failure)
Confirm with . or Enter, or press ? or * to list all spells.
Aiming: Sandblast (safe; 1% risk of failure)
Press: ? - help, Shift-Dir - straight line, f - you That would be overly suicidal.
Okay, then.
Unknown command.
Casting: Sandblast (safe; 1% risk of failure)
Confirm with . or Enter, or press ? or * to list all spells.
Aiming: Sandblast (safe; 1% risk of failure)
Press: ? - help, Shift-Dir - straight line, f - you
Okay, then.
Robin roars a battlecry!
You hear a shout! x2
Robin zaps a wand.
The puff of flame hits you.
Robin zaps a wand.
The puff of flame hits you!
* * * LOW HITPOINT WARNING * * *
A hobgoblin comes into view.
Unknown command.
Unknown command.
There is a stone staircase leading up here.
Unknown command.
Unknown command.
Robin zaps a wand.
The puff of flame hits you.
You die...

#............^... ..^.....##..
##...†.......#.......#..##.##..
#............#...... #..##.#...
#............# .... #..#.(....
#............####^####.....)#..
#.........................#....
#........................#..#..
##......................)......
##...........@................
##.......g.........g†........
#.................g...#.....
#.....................#...g.
#..................†..#...g.
#.............).............
#....................[#.####
#....................#..#
#############........#.##


You could see Robin and 2 hobgoblins.

Vanquished Creatures
  Natasha (thrice) (D:3)
  An adder (D:2)
  5 gnolls (D:3)
  A worm (D:3)
  4 orcs (D:2)
  6 ball pythons
  8 bats
  3 endoplasms
  2 giant cockroaches (D:3)
  10 goblins
  4 hobgoblins
  2 quokkas
  3 frilled lizards
  7 kobolds
  6 rats
65 creatures vanquished.

Notes
Turn   | Place    | Note
-------+----------+-------------------------------------------
     0 | D:1      | protoss039 the Deep Elf Earth Elementalist began the quest
                  | for the Orb.
     0 | D:1      | Reached XP level 1. HP: 10/10 MP: 6/6
   151 | D:1      | Found a faded altar of an unknown god.
   382 | D:1      | Reached XP level 2. HP: 11/15 MP: 6/8
  1333 | D:1      | Learned a level 2 spell: Passwall
  1594 | D:2      | Reached XP level 3. HP: 19/19 MP: 6/10
  2449 | D:3      | Reached XP level 4. HP: 24/24 MP: 7/11
  2935 | D:3      | Noticed Natasha
  2948 | D:3      | Killed Natasha
  3013 | D:3      | Noticed Natasha
  3019 | D:3      | Killed Natasha
  3020 | D:3      | Reached skill level 1 in Fighting
  3020 | D:3      | Reached XP level 5. HP: 23/29 MP: 9/13
  3155 | D:3      | Learned a level 3 spell: Stone Arrow
  3160 | D:3      | Learned a level 4 spell: Petrify
  3171 | D:3      | Noticed Natasha
  3176 | D:3      | Killed Natasha
  3196 | D:3      | Noticed Robin
  3213 | D:3      | Killed from afar by Robin

Illustrated notes

Levels and vault maps discovered:
D:1:      dpeg_cavernosity, layout_loops_ring,
          shapermc_ecumenical_altar_notcrosses, amcnicky_mini_corridor_feature,
          bh_walls_and_bars
D:2:      layout_rooms, hex_intersection
D:3:      layout_rooms, lemuel_tele_altar, uniq_natasha, uniq_robin

Skill      XL: |  1  2  3  4  5 |
---------------+----------------+-----
Stealth        | 3 |  3.0
Dodging        | 3 |  3.0
Transmutations | 2 3 |  3.0
Spellcasting   | 4 |  4.6
Earth Magic    | 4 |  4.4
Fighting       | 1 |  1.3

Action                   |  1- 3 |  4- 6 || total
-------------------------+-------+-------++-------
Melee: Unarmed           |     5 |       ||     5
       Dagger            |    87 |       ||    87
       Whip              |     2 |    38 ||    40
       Punch             |     1 |       ||     1
 Cast: Sandblast         |    15 |    17 ||    32
       Stone Arrow       |       |     3 ||     3
 Stab: Sleeping          |    14 |     1 ||    15
       Distracted        |     1 |       ||     1
Armor: Robe              |    15 |    13 ||    28
Dodge: Dodged            |    62 |    35 ||    97
